 Dungeon Crawl Stone Soup version 0.20.1-1-g8b1a95d (webtiles) character file.

163 Gargoyl the Skirmisher (level 5, -12/47 HPs)
             Began as a Minotaur Abyssal Knight on Oct 9, 2017.
             Was a Believer of Lugonu.
             Mangled by an orc wizard
             ... wielding a +2 dagger of electrocution
              (18 damage)
             ... on level 3 of the Dungeon.
             The game lasted 00:05:14 (1734 turns).

Gargoyl the Skirmisher (Minotaur Abyssal Knight)    Turns: 1734, Time: 00:05:15

Health: -12/47     AC: 12    Str: 17    XL:     5   Next: 20%
Magic:  6/6        EV:  5    Int:  9    God:    Lugonu [**....]
Gold:   95         SH:  0    Dex: 10    Spells: 4/4 levels left

rFire    . . .     SeeInvis .   a - +2 hand axe
rCold    . . .     Gourm    .   (no shield)
rNeg     . . .     Faith    .   e - +0 plate armour
rPois    .         Spirit   .   (helmet restricted)
rElec    .         Reflect  .   (no cloak)
rCorr    .         Harm     .   m - +0 pair of gloves
MR       .....                  (no boots)
Stlth    ..........             (no amulet)
Regen    0.2/turn               (no ring)
MPRegen  0.1/turn               (no ring)

@: drained
A: retaliatory headbutt, horns 2
a: Depart the Abyss, Bend Space, Renounce Religion


You were on level 3 of the Dungeon.
You worshipped Lugonu.
Lugonu was pleased with you.
You were hungry.

You visited 1 branch of the dungeon, and saw 3 of its levels.
You visited the Abyss 1 time.

You collected 95 gold pieces.

Inventory:

Hand Weapons
 a - a +2 hand axe (weapon)
Missiles
 h - 6 tomahawks (quivered)
Armour
 e - a +0 plate armour (worn)
 m - a +0 pair of gloves (worn)
Scrolls
 l - 2 scrolls of identify
 n - a scroll of teleportation
 o - a scroll of blinking {unknown}
Potions
 d - a potion of curing
 f - a potion of berserk rage {unknown}
 i - a potion of invisibility {unknown}
 j - 2 potions of brilliance {unknown}
 k - 2 potions of mutation {unknown}
Comestibles
 c - 3 bread rations
 g - 2 meat rations


   Skills:
 + Level 4.5(3.7) Fighting
 + Level 3.9(3.2) Axes
 * Level 4.2(3.4) Armour
 + Level 1.3(0.6) Dodging
 * Level 2.7(2.0) Invocations


You had 4 spell levels left.
You didn't know any spells.

Dungeon Overview and Level Annotations

Branches:
Dungeon (3/15)

Altars:
Makhleb
Zin


Innate Abilities, Weirdness & Mutations

You reflexively headbutt those who attack you in melee.
You have a pair of horns on your head.


Message History

The magic dart hits you!
The jackal bites you but does no damage.
Your plate armour prevents you from hitting the orc wizard.
The orc wizard is heavily wounded.
Your plate armour prevents you from hitting the orc.
You hit the orc.
You kill the orc!
Lugonu accepts your kill.
You hit the jackal. You slash the jackal!
You kill the jackal!
Lugonu accepts your kill. The jackal bites you.
The orc wizard hits you but does no damage.
You are electrocuted!
* * * LOW HITPOINT WARNING * * *
The orc barely misses you.
The jackal bites you but does no damage.
The orc wizard hits you but does no damage.
You are electrocuted!
You die...

#......# ..........
#.#.##.. .........#
##.#..#.. .........#
#...#.#.. .........#
#...###.. .........#
###+..####
.........#
###.....###
......o†h#
#A#_..._#2#
......o@.#
###.....###
.......).# ###'.##
.........#######...#
...............#...#
.........#####....##
########## ######


You could see an orc wizard, an orc and a jackal.

Vanquished Creatures
  The ghost of KoningWillie the Magician, an amateur DEWz (D:3)
  3 adders (D:2)
  2 worms
  2 dart slugs
  A leopard gecko (D:2)
  3 orcs (D:3)
  A ball python (D:1)
  3 bats
  5 giant cockroaches
  6 goblins
  8 hobgoblins
  5 jackals
  2 frilled lizards (D:2)
  4 kobolds
  7 rats
53 creatures vanquished.

Notes
Turn   | Place    | Note
-------+----------+-------------------------------------------
     0 | Abyss:1  | Gargoyl the Minotaur Abyssal Knight began the quest for the Orb.
     0 | Abyss:1  | Reached XP level 1. HP: 19/19 MP: 1/1
    40 | Abyss:2  | Found a corrupted altar of Lugonu.
    51 | Abyss:2  | Noticed a green very ugly thing
    51 | Abyss:2  | Noticed a green very ugly thing
    51 | Abyss:2  | Noticed a green ugly thing
    51 | Abyss:2  | Noticed a green very ugly thing
    51 | Abyss:2  | Noticed a green ugly thing
    51 | Abyss:2  | Noticed a green ugly thing
    80 | D:1      | Escaped the Abyss
   412 | D:1      | Reached * piety under Lugonu
   412 | D:1      | Reached XP level 2. HP: 27/27 MP: 2/2
   749 | D:2      | Reached XP level 3. HP: 26/33 MP: 3/3
  1196 | D:2      | Reached XP level 4. HP: 36/41 MP: 4/4
  1400 | D:3      | Reached ** piety under Lugonu
  1520 | D:3      | Noticed KoningWillie's ghost (amateur DEWz)
  1645 | D:3      | Killed KoningWillie's ghost
  1645 | D:3      | Reached XP level 5. HP: 44/47 MP: 4/6
  1706 | D:3      | Found a burning altar of Makhleb.
  1711 | D:3      | Found a glowing silver altar of Zin.
  1711 | D:3      | Noticed an angel
  1711 | D:3      | Noticed a green death
  1734 | D:3      | Mangled by an orc wizard

Skill      XL: |  1  2  3  4 |
---------------+-------------+-----
Fighting       | 4 |  4.5
Invocations    | 2 |  2.7
Armour         | 3 4 |  4.2
Axes           | 3 |  3.9
Dodging        | |  1.3

Action                   |  1- 3 |  4- 6 || total
-------------------------+-------+-------++-------
Melee: Hand axe          |    88 |    36 ||   124
       Headbutt          |    11 |     2 ||    13
Invok: Depart the Abyss  |     1 |       ||     1
  Use: Scroll            |     6 |       ||     6
  Eat: Chunk             |     1 |     1 ||     2
Armor: Plate armour      |    84 |    41 ||   125
Dodge: Dodged            |    23 |    12 ||    35
